Oilers vs Ducks

Created - 1 octobre 2017 at 17:20

Simulating a Pre-Season

Goals
1 2 3 T
Oilers 1 1 1 3
Ducks 0 1 0 1
Shots
1 2 3 T
Oilers 11 9 7 27
Ducks 8 16 12 36

1st period

1. Oilers , Aleksander Barkov 5 (Matthew Nieto 3, Ron Hainsey 4) at 14:23

Penalties :
Nick Ritchie (ANA) for High sticking (Minor) at 8:05, Brent Burns (EDM) for Tripping (Minor) at 11:08, Kris Letang (ANA) for Holding (Minor) at 11:15, Jannik Hansen (EDM) for Cross-checking (Minor) at 17:58

2nd period

2. Ducks , Patrick Marleau 4 (Nikita Zaitsev 4, Travis Hamonic 3) at 0:16
3. Oilers , Aleksander Barkov 6 (Ron Hainsey 5, Justin Williams 4) at 14:54

Penalties :
Patrick Marleau (ANA) for Slashing (Minor) at 5:02, Artem Anisimov (EDM) for Holding (Minor) at 5:02, Brent Burns (EDM) for Roughing (Minor) at 18:25

3rd period

4. Oilers , Ryan Getzlaf 2 (Brent Burns 4) at 19:38 (Empty Net)

Penalties :
Nikita Zaitsev (ANA) for Hooking (Minor) at 1:44, Colton Parayko (ANA) for Hooking (Minor) at 9:53, Matt Hunwick (ANA) for Hooking (Minor) at 14:38, Martin Marincin (EDM) for Holding (Minor) at 17:28

Goalie Stats

Antti Raanta (EDM), 35 saves from 36 shots - (0.972), W, 3-1-0, 60:00 minutes
Robin Lehner (ANA), 24 saves from 26 shots - (0.923), L, 3-4-0, 59:00 minutes

Players Stats for Oilers

Player Name              G  A  P  +/- PIM S  H  SB GA TA FO     MP     PP MP  PK MP  
------------------------------------------------------------------------------------
Aleksander Barkov        2  0  2   2  0   3  0  0  0  0  5/18   17:23   2:59   3:25 
Alex Petrovic            0  0  0  -1  0   0  2  0  0  0  0/0    17:38   0:00   2:33 
Artem Anisimov           0  0  0   0  2   1  0  0  0  0  1/4    22:17   5:04   3:02 
Brad Marchand            0  0  0   1  0   7  4  0  0  0  2/3    19:32   5:04   0:05 
Brent Burns              0  1  1   1  4   1  2  1  0  0  0/0    19:46   3:05   0:18 
Brett Ritchie            0  0  0   0  0   0  0  0  0  0  0/0     5:10   0:00   0:00 
Brock McGinn             0  0  0   0  0   1  0  0  0  0  0/0     7:02   0:43   1:09 
Dominic Moore            0  0  0   0  0   1  0  0  0  0  8/13    7:49   0:00   2:39 
Francois Beauchemin      0  0  0   1  0   0  3  1  0  0  0/0    20:26   3:05   0:56 
Jannik Hansen            0  0  0  -1  2   1  0  1  0  0  0/1    14:19   0:00   1:48 
Justin Williams          0  1  1   3  0   2  1  0  0  0  0/0    11:02   0:00   0:00 
Marc-Edouard Vlasic      0  0  0   2  0   0  2  3  0  0  0/0    22:39   4:58   3:18 
Martin Marincin          0  0  0  -1  2   0  1  2  0  0  0/0    16:54   0:00   1:50 
Matthew Nieto            0  1  1   2  0   0  2  0  0  0  0/0    12:31   0:00   0:00 
Michael Grabner          0  0  0  -1  0   2  0  0  0  0  1/1    16:51   2:16   0:00 
Ron Hainsey              0  2  2   2  0   3  1  3  0  0  0/0    22:34   4:58   3:13 
Ryan Getzlaf             1  0  1   1  0   3  5  0  0  0  17/27  18:33   5:04   0:00 
Ryan Johansen            0  0  0  -1  0   2  0  0  0  0  10/23  17:34   2:59   0:00 

Players Stats for Ducks

Player Name              G  A  P  +/- PIM S  H  SB GA TA FO     MP     PP MP  PK MP  
------------------------------------------------------------------------------------
Boone Jenner             0  0  0  -1  0   3  1  1  0  0  0/1    11:07   0:00   0:38 
Brandon Dubinsky         0  0  0  -1  0   1  3  0  0  0  8/17   15:16   0:00   4:47 
Chris Stewart            0  0  0   0  0   0  0  0  0  0  0/0     7:16   0:00   0:00 
Claude Giroux            0  0  0   0  0   6  1  0  0  0  15/25  16:04   3:09   0:00 
Colton Parayko           0  0  0  -1  2   1  2  3  0  0  0/0    21:36   3:15   2:50 
Erik Johnson             0  0  0   0  0   1  0  1  0  0  0/0    16:40   0:00   3:57 
Kris Letang              0  0  0  -1  2   2  2  1  0  0  0/0    22:46   3:14   4:15 
Mark Scheifele           0  0  0  -1  0   4  0  1  0  0  12/27  18:08   2:55   0:00 
Matt Hunwick             0  0  0   0  2   1  0  0  0  0  0/0    15:41   0:00   2:53 
Nick Ritchie             0  0  0   0  2   0  1  0  0  0  0/1    10:10   2:55   0:00 
Nikita Zaitsev           0  1  1  -1  2   2  1  0  0  0  0/0    21:57   2:49   1:41 
Nikolay Kulemin          0  0  0   0  0   1  0  0  0  0  1/1    14:10   0:00   2:39 
Patrick Marleau          1  0  1   0  2   4  0  0  0  0  1/2    15:37   3:09   0:00 
Ryan OReilly             0  0  0  -1  0   2  0  0  0  0  5/7    16:09   0:07   3:16 
Sam Bennett              0  0  0   0  0   3  2  0  0  0  1/4    10:44   3:02   0:00 
Steve Ott                0  0  0  -1  0   2  1  0  0  0  0/2    15:15   0:00   4:46 
Travis Hamonic           0  1  1  -1  0   1  1  1  0  0  0/0    21:16   2:49   0:30 
Wayne Simmonds           0  0  0  -1  0   2  4  0  0  0  3/3    18:08   2:55   0:00 

3 Stars

1 - Antti Raanta (EDM)
2 - Aleksander Barkov (EDM)
3 - Ryan Getzlaf (EDM)

Power Play

Oilers - 0 on 5 Attempt(s) - 0.00%
Ducks - 0 on 4 Attempt(s) - 0.00%

Penalty Kill

Oilers - 4 on 4 Attempt(s) - 100.00% - Score 0 goal in Penalty Kill
Ducks - 5 on 5 Attempt(s) - 100.00% - Score 0 goal in Penalty Kill

Team Stat

Oilers - Hits : 23 - Faceoff Wins : 44 - Blocked Shots : 11 - Penalty Minutes : 10
Ducks - Hits : 19 - Faceoff Wins : 46 - Blocked Shots : 8 - Penalty Minutes : 12

Official

Referees : Garrett Rank and Kendrick Nicholson
Linesman : Greg Devorski and Matt MacPherson

Game Notes

Ryan Getzlaf has scored in a empty net!

% Time on Ice - Oilers

Lines # - Real PCT - Wanted PCT - Time Play
Normal Forward
1 - 32% - 33% - 13:18
2 - 30% - 30% - 12:32
3 - 26% - 27% - 10:51
4 - 12% - 10% - 5:10
Normal Defense
1 - 39% - 37% - 16:14
2 - 30% - 33% - 12:43
3 - 31% - 30% - 12:54
4 - 0% - 0% - 0:00
PP Forward
1 - 63% - 50% - 5:04
2 - 37% - 50% - 2:59
PP Defense
1 - 38% - 50% - 3:05
2 - 62% - 50% - 4:58
PK Forward
1 - 50% - 50% - 3:02
2 - 50% - 50% - 3:02
PK Defense
1 - 52% - 50% - 3:08
2 - 48% - 50% - 2:56
PK3 Forward
1 - 0% - 50%
2 - 0% - 50%
PK3 Defense
1 - 0% - 50%
2 - 0% - 50%
44 Forward
1 - 47% - 50% - 1:48
2 - 53% - 50% - 2:03
44 Defense
1 - 57% - 50% - 2:11
2 - 43% - 50% - 1:40
Last Minute Offensive  - 0:00
Last Minute Defensive  - 0:11
Total
Forward - 60:00
Defense - 60:00

% Time on Ice - Ducks

Lines # - Real PCT - Wanted PCT - Time Play
Normal Forward
1 - 30% - 30% - 12:35
2 - 28% - 30% - 11:31
3 - 25% - 25% - 10:29
4 - 17% - 15% - 7:16
Normal Defense
1 - 34% - 36% - 14:09
2 - 37% - 36% - 15:40
3 - 29% - 28% - 12:02
4 - 0% - 0% - 0:00
PP Forward
1 - 48% - 55% - 2:55
2 - 52% - 45% - 3:09
PP Defense
1 - 46% - 55% - 2:49
2 - 54% - 45% - 3:15
PK Forward
1 - 59% - 55% - 4:47
2 - 41% - 45% - 3:16
PK Defense
1 - 55% - 55% - 4:27
2 - 45% - 45% - 3:36
PK3 Forward
1 - 0% - 55%
2 - 0% - 45%
PK3 Defense
1 - 0% - 55%
2 - 0% - 45%
44 Forward
1 - 64% - 55% - 2:27
2 - 36% - 45% - 1:24
44 Defense
1 - 73% - 55% - 2:49
2 - 27% - 45% - 1:02
Last Minute Offensive  - 0:11
Last Minute Defensive  - 0:00
Total
Forward - 60:00
Defense - 60:00

Play by Play

1st period


0:01 of 1st period - Ryan Getzlaf wins face-off versus Mark Scheifele in neutral zone.
0:03 of 1st period - Brad Marchand is hit by Kris Letang and loses puck.
0:23 of 1st period - Artem Anisimov is hit by Colton Parayko and loses puck.
0:29 of 1st period - Icing by Colton Parayko.
0:30 of 1st period - Ryan Johansen wins face-off versus Mark Scheifele in Ducks zone.
0:35 of 1st period - Shot by Michael Grabner.
0:35 of 1st period - Stopped by Robin Lehner without a rebound.
0:36 of 1st period - Claude Giroux wins face-off versus Aleksander Barkov in Ducks zone.
0:45 of 1st period - Shot by Nikolay Kulemin.
0:45 of 1st period - Stopped by Antti Raanta with a rebound.
1:23 of 1st period - Off-side.
1:24 of 1st period - Brandon Dubinsky wins face-off versus Ryan Johansen in neutral zone.
1:38 of 1st period - Shot by Boone Jenner.
1:38 of 1st period - Stopped by Antti Raanta with a rebound.
1:40 of 1st period - Shot by Erik Johnson.
1:40 of 1st period - Stopped by Antti Raanta without a rebound.
1:41 of 1st period - Dominic Moore wins face-off versus Sam Bennett in Oilers zone.
2:10 of 1st period - Shot by Brett Ritchie.
2:10 of 1st period - Shot Misses the Net.
2:12 of 1st period - Shot by Dominic Moore.
2:12 of 1st period - Stopped by Robin Lehner without a rebound.
2:13 of 1st period - Ryan Johansen wins face-off versus Brandon Dubinsky in Ducks zone.
2:37 of 1st period - Shot by Michael Grabner.
2:37 of 1st period - Shot Misses the Net.
2:39 of 1st period - Shot by Marc-Edouard Vlasic.
2:39 of 1st period - Shot Misses the Net.
2:41 of 1st period - Shot by Michael Grabner.
2:41 of 1st period - Stopped by Robin Lehner without a rebound.
2:42 of 1st period - Mark Scheifele wins face-off versus Ryan Getzlaf in Ducks zone.
2:42 of 1st period - Mark Scheifele is hit by Brad Marchand.
2:48 of 1st period - Mark Scheifele is hit by Brad Marchand and loses puck.
3:11 of 1st period - Shot by Artem Anisimov.
3:11 of 1st period - Stopped by Robin Lehner with a rebound.
3:15 of 1st period - Shot by Brad Marchand.
3:15 of 1st period - Stopped by Robin Lehner without a rebound.
3:16 of 1st period - Claude Giroux wins face-off versus Aleksander Barkov in Ducks zone.
3:48 of 1st period - Ron Hainsey is hit by Claude Giroux and loses puck.
4:32 of 1st period - Francois Beauchemin is hit by Boone Jenner and loses puck.
5:06 of 1st period - Brad Marchand is hit by Kris Letang and loses puck.
5:09 of 1st period - Shot by Brad Marchand.
5:09 of 1st period - Shot Blocked by Colton Parayko.
5:11 of 1st period - Shot by Artem Anisimov.
5:11 of 1st period - Shot Blocked by Boone Jenner.
5:13 of 1st period - Shot by Brad Marchand.
5:13 of 1st period - Stopped by Robin Lehner without a rebound.
5:14 of 1st period - Mark Scheifele wins face-off versus Dominic Moore in Ducks zone.
5:41 of 1st period - Shot by Wayne Simmonds.
5:41 of 1st period - Stopped by Antti Raanta with a rebound.
5:43 of 1st period - Shot by Mark Scheifele.
5:43 of 1st period - Shot Misses the Net.
6:24 of 1st period - Off-side.
6:25 of 1st period - Claude Giroux wins face-off versus Ryan Johansen in neutral zone.
6:30 of 1st period - Shot by Patrick Marleau.
6:30 of 1st period - Shot Blocked by Jannik Hansen.
6:33 of 1st period - Icing by Marc-Edouard Vlasic.
6:34 of 1st period - Sam Bennett wins face-off versus Jannik Hansen in Oilers zone.
6:53 of 1st period - Off-side.
6:54 of 1st period - Ryan Getzlaf wins face-off versus Claude Giroux in neutral zone.
7:32 of 1st period - Shot by Artem Anisimov.
7:32 of 1st period - Shot Misses the Net.
8:05 of 1st period - Minor Penalty to Nick Ritchie for High sticking.
8:06 of 1st period - Brandon Dubinsky wins face-off versus Aleksander Barkov in Ducks zone.
9:43 of 1st period - Shot by Aleksander Barkov.
9:43 of 1st period - Stopped by Robin Lehner without a rebound.
9:44 of 1st period - Ryan OReilly wins face-off versus Ryan Getzlaf in Ducks zone.
9:44 of 1st period - Kris Letang is hit by Ryan Getzlaf and loses puck.
9:51 of 1st period - Shot by Brent Burns.
9:51 of 1st period - Stopped by Robin Lehner without a rebound.
9:52 of 1st period - Ryan Getzlaf wins face-off versus Ryan OReilly in Ducks zone.
10:05 of 1st period - Shot by Brad Marchand.
10:05 of 1st period - Shot Misses the Net.
10:15 of 1st period - Shot by Dominic Moore.
10:15 of 1st period - Shot Misses the Net.
10:17 of 1st period - Shot by Dominic Moore.
10:17 of 1st period - Shot Misses the Net.
11:08 of 1st period - Minor Penalty to Brent Burns for Tripping.
11:09 of 1st period - Aleksander Barkov wins face-off versus Claude Giroux in Oilers zone.
11:15 of 1st period - Minor Penalty to Kris Letang for Holding.
11:16 of 1st period - Mark Scheifele wins face-off versus Artem Anisimov in Ducks zone.
11:23 of 1st period - Shot by Mark Scheifele.
11:23 of 1st period - Stopped by Antti Raanta without a rebound.
11:24 of 1st period - Mark Scheifele wins face-off versus Artem Anisimov in Oilers zone.
11:25 of 1st period - Shot by Wayne Simmonds.
11:25 of 1st period - Shot Misses the Net.
11:27 of 1st period - Shot by Mark Scheifele.
11:27 of 1st period - Shot Blocked by Ron Hainsey.
11:47 of 1st period - Shot by Mark Scheifele.
11:47 of 1st period - Deflect By Wayne Simmonds.
11:47 of 1st period - Shot Blocked by Ron Hainsey.
12:55 of 1st period - Patrick Marleau is hit by Martin Marincin.
14:14 of 1st period - Aleksander Barkov is hit by Brandon Dubinsky and loses puck.
14:19 of 1st period - Shot by Aleksander Barkov.
14:19 of 1st period - Shot Misses the Net.
14:21 of 1st period - Shot by Ron Hainsey.
14:21 of 1st period - Shot Misses the Net.
14:23 of 1st period - Shot by Matthew Nieto.
14:23 of 1st period - Deflect By Aleksander Barkov.
14:23 of 1st period - Goal by Aleksander Barkov - Oilers : 1 - Ducks : 0.
14:24 of 1st period - Ryan Getzlaf wins face-off versus Mark Scheifele in neutral zone.
14:27 of 1st period - Kris Letang is hit by Brad Marchand.
14:33 of 1st period - Shot by Mark Scheifele.
14:33 of 1st period - Shot Blocked by Ron Hainsey.
14:35 of 1st period - Shot by Kris Letang.
14:35 of 1st period - Stopped by Antti Raanta without a rebound.
14:36 of 1st period - Claude Giroux wins face-off versus Ryan Getzlaf in Oilers zone.
14:45 of 1st period - Shot by Brad Marchand.
14:45 of 1st period - Stopped by Robin Lehner without a rebound.
14:46 of 1st period - Mark Scheifele wins face-off versus Aleksander Barkov in Ducks zone.
15:24 of 1st period - Matt Hunwick is hit by Justin Williams and loses puck.
16:14 of 1st period - Shot by Claude Giroux.
16:14 of 1st period - Stopped by Antti Raanta without a rebound.
16:15 of 1st period - Brandon Dubinsky wins face-off versus Ryan Johansen in Oilers zone.
16:15 of 1st period - Steve Ott is hit by Alex Petrovic and loses puck.
16:21 of 1st period - Icing by Ryan Johansen.
16:22 of 1st period - Brandon Dubinsky wins face-off versus Ryan Johansen in Oilers zone.
16:47 of 1st period - Shot by Ryan Johansen.
16:47 of 1st period - Stopped by Robin Lehner without a rebound.
16:48 of 1st period - Ryan Getzlaf wins face-off versus Mark Scheifele in Ducks zone.
16:54 of 1st period - Icing by Colton Parayko.
16:55 of 1st period - Mark Scheifele wins face-off versus Ryan Getzlaf in Ducks zone.
17:58 of 1st period - Minor Penalty to Jannik Hansen for Cross-checking.
17:59 of 1st period - Dominic Moore wins face-off versus Patrick Marleau in Oilers zone.
17:59 of 1st period - Martin Marincin is hit by Sam Bennett and loses puck.
18:07 of 1st period - Shot by Travis Hamonic.
18:07 of 1st period - Deflect By Claude Giroux.
18:07 of 1st period - Shot Misses the Net.
18:15 of 1st period - Shot by Sam Bennett.
18:15 of 1st period - Shot Misses the Net.
18:48 of 1st period - Icing by Nick Ritchie.
18:49 of 1st period - Mark Scheifele wins face-off versus Dominic Moore in Ducks zone.
18:58 of 1st period - Shot by Kris Letang.
18:58 of 1st period - Stopped by Antti Raanta without a rebound.
18:59 of 1st period - Aleksander Barkov wins face-off versus Mark Scheifele in Oilers zone.
18:59 of 1st period - Alex Petrovic is hit by Wayne Simmonds.
19:50 of 1st period - Icing by Nikita Zaitsev.
19:51 of 1st period - Patrick Marleau wins face-off versus Dominic Moore in Ducks zone.
Goals for this period are 1 for Oilers vs 0 for Ducks.
Shots for this period are 11 for Oilers vs 8 for Ducks.

2nd period


0:01 of 2nd period - Claude Giroux wins face-off versus Ryan Johansen in neutral zone.
0:04 of 2nd period - Shot by Patrick Marleau.
0:04 of 2nd period - Deflect By Claude Giroux.
0:04 of 2nd period - Stopped by Antti Raanta without a rebound.
0:05 of 2nd period - Claude Giroux wins face-off versus Ryan Johansen in Oilers zone.
0:08 of 2nd period - Shot by Claude Giroux.
0:08 of 2nd period - Shot Misses the Net.
0:10 of 2nd period - Shot by Claude Giroux.
0:10 of 2nd period - Shot Blocked by Martin Marincin.
0:12 of 2nd period - Shot by Travis Hamonic.
0:12 of 2nd period - Shot Misses the Net.
0:16 of 2nd period - Shot by Patrick Marleau.
0:16 of 2nd period - Goal by Patrick Marleau - Oilers : 1 - Ducks : 1.
0:17 of 2nd period - Ryan Getzlaf wins face-off versus Steve Ott in neutral zone.
0:26 of 2nd period - Shot by Artem Anisimov.
0:26 of 2nd period - Shot Blocked by Erik Johnson.
0:29 of 2nd period - Icing by Matt Hunwick.
0:30 of 2nd period - Ryan Johansen wins face-off versus Brandon Dubinsky in Ducks zone.
0:34 of 2nd period - Icing by Matt Hunwick.
0:35 of 2nd period - Ryan Johansen wins face-off versus Brandon Dubinsky in Ducks zone.
1:09 of 2nd period - Shot by Ryan Johansen.
1:09 of 2nd period - Shot Misses the Net.
1:48 of 2nd period - Patrick Marleau is hit by Ryan Getzlaf and loses puck.
2:43 of 2nd period - Kris Letang is hit by Matthew Nieto and loses puck.
3:59 of 2nd period - Shot by Brandon Dubinsky.
3:59 of 2nd period - Shot Blocked by Brent Burns.
4:01 of 2nd period - Shot by Steve Ott.
4:01 of 2nd period - Stopped by Antti Raanta without a rebound.
4:02 of 2nd period - Brandon Dubinsky wins face-off versus Ryan Johansen in Oilers zone.
4:03 of 2nd period - Shot by Boone Jenner.
4:03 of 2nd period - Stopped by Antti Raanta without a rebound.
4:04 of 2nd period - Ryan Johansen wins face-off versus Brandon Dubinsky in Oilers zone.
4:55 of 2nd period - Icing by Nikita Zaitsev.
4:56 of 2nd period - Ryan Getzlaf wins face-off versus Claude Giroux in Ducks zone.
5:02 of 2nd period - Minor Penalty to Patrick Marleau for Slashing.
5:02 of 2nd period - Minor Penalty to Artem Anisimov for Holding.
5:03 of 2nd period - Brad Marchand wins face-off versus Mark Scheifele in neutral zone.
5:10 of 2nd period - Shot by Brad Marchand.
5:10 of 2nd period - Stopped by Robin Lehner without a rebound.
5:11 of 2nd period - Brad Marchand wins face-off versus Mark Scheifele in Ducks zone.
6:00 of 2nd period - Shot by Marc-Edouard Vlasic.
6:00 of 2nd period - Shot Misses the Net.
6:02 of 2nd period - Shot by Ron Hainsey.
6:02 of 2nd period - Stopped by Robin Lehner with a rebound.
6:04 of 2nd period - Shot by Ron Hainsey.
6:04 of 2nd period - Stopped by Robin Lehner without a rebound.
6:05 of 2nd period - Ryan Johansen wins face-off versus Claude Giroux in Ducks zone.
6:18 of 2nd period - Shot by Ryan Johansen.
6:18 of 2nd period - Stopped by Robin Lehner without a rebound.
6:19 of 2nd period - Claude Giroux wins face-off versus Brad Marchand in Ducks zone.
6:26 of 2nd period - Shot by Claude Giroux.
6:26 of 2nd period - Shot Misses the Net.
6:28 of 2nd period - Shot by Claude Giroux.
6:28 of 2nd period - Stopped by Antti Raanta with a rebound.
6:30 of 2nd period - Shot by Sam Bennett.
6:30 of 2nd period - Stopped by Antti Raanta without a rebound.
6:31 of 2nd period - Michael Grabner wins face-off versus Mark Scheifele in Oilers zone.
6:44 of 2nd period - Michael Grabner is hit by Wayne Simmonds and loses puck.
6:52 of 2nd period - Alex Petrovic is hit by Colton Parayko and loses puck.
6:57 of 2nd period - Shot by Ryan Johansen.
6:57 of 2nd period - Shot Blocked by Mark Scheifele.
6:59 of 2nd period - Shot by Ryan Johansen.
6:59 of 2nd period - Shot Blocked by Colton Parayko.
7:13 of 2nd period - Shot by Brock McGinn.
7:13 of 2nd period - Stopped by Robin Lehner without a rebound.
7:14 of 2nd period - Ryan Getzlaf wins face-off versus Brandon Dubinsky in Ducks zone.
7:25 of 2nd period - Shot by Artem Anisimov.
7:25 of 2nd period - Shot Blocked by Travis Hamonic.
8:47 of 2nd period - Icing by Travis Hamonic.
8:48 of 2nd period - Ryan Johansen wins face-off versus Steve Ott in Ducks zone.
8:51 of 2nd period - Shot by Jannik Hansen.
8:51 of 2nd period - Shot Misses the Net.
8:54 of 2nd period - Icing by Travis Hamonic.
8:55 of 2nd period - Brandon Dubinsky wins face-off versus Ryan Johansen in Ducks zone.
9:23 of 2nd period - Icing by Alex Petrovic.
9:24 of 2nd period - Ryan Johansen wins face-off versus Claude Giroux in Oilers zone.
9:51 of 2nd period - Shot by Artem Anisimov.
9:51 of 2nd period - Shot Misses the Net.
9:53 of 2nd period - Shot by Francois Beauchemin.
9:53 of 2nd period - Shot Blocked by Kris Letang.
9:55 of 2nd period - Shot by Ryan Getzlaf.
9:55 of 2nd period - Shot Blocked by Colton Parayko.
10:07 of 2nd period - Shot by Brad Marchand.
10:07 of 2nd period - Stopped by Robin Lehner without a rebound.
10:08 of 2nd period - Ryan OReilly wins face-off versus Aleksander Barkov in Ducks zone.
10:22 of 2nd period - Shot by Matthew Nieto.
10:22 of 2nd period - Shot Misses the Net.
10:30 of 2nd period - Shot by Justin Williams.
10:30 of 2nd period - Stopped by Robin Lehner without a rebound.
10:31 of 2nd period - Ryan Getzlaf wins face-off versus Nick Ritchie in Ducks zone.
10:47 of 2nd period - Nick Ritchie is hit by Brent Burns and loses puck.
10:54 of 2nd period - Shot by Colton Parayko.
10:54 of 2nd period - Stopped by Antti Raanta without a rebound.
10:55 of 2nd period - Ryan Johansen wins face-off versus Mark Scheifele in Oilers zone.
10:55 of 2nd period - Ryan Johansen is hit by Wayne Simmonds.
11:19 of 2nd period - Shot by Michael Grabner.
11:19 of 2nd period - Shot Misses the Net.
11:27 of 2nd period - Shot by Jannik Hansen.
11:27 of 2nd period - Stopped by Robin Lehner without a rebound.
11:28 of 2nd period - Claude Giroux wins face-off versus Ryan Getzlaf in Ducks zone.
11:28 of 2nd period - Claude Giroux is hit by Ryan Getzlaf.
12:03 of 2nd period - Off-side.
12:04 of 2nd period - Wayne Simmonds wins face-off versus Aleksander Barkov in neutral zone.
12:07 of 2nd period - Ron Hainsey is hit by Wayne Simmonds and loses puck.
12:14 of 2nd period - Shot by Matthew Nieto.
12:14 of 2nd period - Shot Misses the Net.
12:30 of 2nd period - Shot by Justin Williams.
12:30 of 2nd period - Shot Misses the Net.
12:40 of 2nd period - Shot by Aleksander Barkov.
12:40 of 2nd period - Shot Misses the Net.
13:02 of 2nd period - Icing by Boone Jenner.
13:03 of 2nd period - Ryan Getzlaf wins face-off versus Brandon Dubinsky in Ducks zone.
14:25 of 2nd period - Icing by Travis Hamonic.
14:26 of 2nd period - Claude Giroux wins face-off versus Aleksander Barkov in Ducks zone.
14:46 of 2nd period - Shot by Aleksander Barkov.
14:46 of 2nd period - Shot Misses the Net.
14:48 of 2nd period - Shot by Ron Hainsey.
14:48 of 2nd period - Shot Misses the Net.
14:52 of 2nd period - Shot by Aleksander Barkov.
14:52 of 2nd period - Shot Misses the Net.
14:54 of 2nd period - Shot by Aleksander Barkov.
14:54 of 2nd period - Goal by Aleksander Barkov - Oilers : 2 - Ducks : 1.
14:55 of 2nd period - Dominic Moore wins face-off versus Mark Scheifele in neutral zone.
15:06 of 2nd period - Shot by Dominic Moore.
15:06 of 2nd period - Shot Misses the Net.
15:18 of 2nd period - Shot by Ryan OReilly.
15:18 of 2nd period - Stopped by Antti Raanta without a rebound.
15:19 of 2nd period - Ryan Johansen wins face-off versus Sam Bennett in Oilers zone.
15:19 of 2nd period - Ryan Johansen is hit by Nick Ritchie.
15:29 of 2nd period - Shot by Nick Ritchie.
15:29 of 2nd period - Deflect By Sam Bennett.
15:29 of 2nd period - Shot Misses the Net.
15:37 of 2nd period - Shot by Sam Bennett.
15:37 of 2nd period - Stopped by Antti Raanta without a rebound.
15:38 of 2nd period - Mark Scheifele wins face-off versus Ryan Getzlaf in Oilers zone.
15:41 of 2nd period - Shot by Mark Scheifele.
15:41 of 2nd period - Stopped by Antti Raanta without a rebound.
15:42 of 2nd period - Wayne Simmonds wins face-off versus Aleksander Barkov in Oilers zone.
16:05 of 2nd period - Shot by Ryan OReilly.
16:05 of 2nd period - Stopped by Antti Raanta with a rebound.
17:19 of 2nd period - Icing by Alex Petrovic.
17:20 of 2nd period - Brandon Dubinsky wins face-off versus Ryan Johansen in Oilers zone.
17:23 of 2nd period - Shot by Boone Jenner.
17:23 of 2nd period - Stopped by Antti Raanta with a rebound.
17:42 of 2nd period - Brandon Dubinsky is hit by Francois Beauchemin and loses puck.
17:51 of 2nd period - Shot by Boone Jenner.
17:51 of 2nd period - Deflect By Brandon Dubinsky.
17:51 of 2nd period - Shot Blocked by Francois Beauchemin.
17:53 of 2nd period - Shot by Matt Hunwick.
17:53 of 2nd period - Shot Misses the Net.
18:12 of 2nd period - Sam Bennett is hit by Brent Burns.
18:16 of 2nd period - Shot by Sam Bennett.
18:16 of 2nd period - Shot Misses the Net.
18:20 of 2nd period - Shot by Sam Bennett.
18:20 of 2nd period - Shot Misses the Net.
18:25 of 2nd period - Minor Penalty to Brent Burns for Roughing.
18:26 of 2nd period - Claude Giroux wins face-off versus Dominic Moore in Oilers zone.
18:27 of 2nd period - Shot by Colton Parayko.
18:27 of 2nd period - Shot Misses the Net.
18:31 of 2nd period - Shot by Claude Giroux.
18:31 of 2nd period - Stopped by Antti Raanta without a rebound.
18:32 of 2nd period - Mark Scheifele wins face-off versus Aleksander Barkov in Oilers zone.
18:35 of 2nd period - Shot by Wayne Simmonds.
18:35 of 2nd period - Stopped by Antti Raanta without a rebound.
18:36 of 2nd period - Mark Scheifele wins face-off versus Dominic Moore in Oilers zone.
18:41 of 2nd period - Shot by Travis Hamonic.
18:41 of 2nd period - Shot Blocked by Marc-Edouard Vlasic.
18:43 of 2nd period - Shot by Nikita Zaitsev.
18:43 of 2nd period - Shot Misses the Net.
18:45 of 2nd period - Shot by Travis Hamonic.
18:45 of 2nd period - Shot Blocked by Marc-Edouard Vlasic.
18:47 of 2nd period - Shot by Travis Hamonic.
18:47 of 2nd period - Shot Misses the Net.
18:49 of 2nd period - Shot by Mark Scheifele.
18:49 of 2nd period - Shot Misses the Net.
18:51 of 2nd period - Shot by Nikita Zaitsev.
18:51 of 2nd period - Shot Misses the Net.
18:53 of 2nd period - Shot by Travis Hamonic.
18:53 of 2nd period - Stopped by Antti Raanta without a rebound.
18:54 of 2nd period - Claude Giroux wins face-off versus Artem Anisimov in Oilers zone.
18:58 of 2nd period - Sam Bennett is hit by Alex Petrovic and loses puck.
19:19 of 2nd period - Shot by Colton Parayko.
19:19 of 2nd period - Shot Blocked by Marc-Edouard Vlasic.
19:21 of 2nd period - Shot by Claude Giroux.
19:21 of 2nd period - Stopped by Antti Raanta with a rebound.
19:51 of 2nd period - Shot by Nick Ritchie.
19:51 of 2nd period - Shot Misses the Net.
Goals for this period are 1 for Oilers vs 1 for Ducks.
Shots for this period are 9 for Oilers vs 16 for Ducks.

3rd period


0:01 of 3rd period - Mark Scheifele wins face-off versus Aleksander Barkov in neutral zone.
0:06 of 3rd period - Shot by Nikita Zaitsev.
0:06 of 3rd period - Stopped by Antti Raanta without a rebound.
0:07 of 3rd period - Aleksander Barkov wins face-off versus Mark Scheifele in Oilers zone.
0:19 of 3rd period - Shot by Mark Scheifele.
0:19 of 3rd period - Shot Misses the Net.
0:21 of 3rd period - Shot by Nikita Zaitsev.
0:21 of 3rd period - Stopped by Antti Raanta without a rebound.
0:22 of 3rd period - Dominic Moore wins face-off versus Claude Giroux in Oilers zone.
0:22 of 3rd period - Dominic Moore is hit by Sam Bennett.
1:04 of 3rd period - Boone Jenner is hit by Francois Beauchemin.
1:39 of 3rd period - Icing by Travis Hamonic.
1:40 of 3rd period - Ryan Getzlaf wins face-off versus Claude Giroux in Ducks zone.
1:44 of 3rd period - Minor Penalty to Nikita Zaitsev for Hooking.
1:45 of 3rd period - Ryan OReilly wins face-off versus Ryan Getzlaf in Ducks zone.
1:45 of 3rd period - Nikolay Kulemin is hit by Ryan Getzlaf and loses puck.
1:53 of 3rd period - Icing by Brad Marchand.
1:54 of 3rd period - Ryan Getzlaf wins face-off versus Ryan OReilly in Oilers zone.
1:59 of 3rd period - Nikolay Kulemin is hit by Ryan Getzlaf.
2:02 of 3rd period - Kris Letang is hit by Brad Marchand and loses puck.
2:15 of 3rd period - Shot by Marc-Edouard Vlasic.
2:15 of 3rd period - Shot Misses the Net.
2:39 of 3rd period - Brandon Dubinsky is hit by Marc-Edouard Vlasic and loses puck.
2:48 of 3rd period - Shot by Steve Ott.
2:48 of 3rd period - Stopped by Antti Raanta with a rebound.
3:47 of 3rd period - Dominic Moore is hit by Travis Hamonic and loses puck.
4:02 of 3rd period - Shot by Chris Stewart.
4:02 of 3rd period - Shot Misses the Net.
4:06 of 3rd period - Shot by Nick Ritchie.
4:06 of 3rd period - Shot Misses the Net.
4:42 of 3rd period - Icing by Aleksander Barkov.
4:43 of 3rd period - Aleksander Barkov wins face-off versus Claude Giroux in Oilers zone.
5:44 of 3rd period - Shot by Mark Scheifele.
5:44 of 3rd period - Shot Blocked by Martin Marincin.
5:57 of 3rd period - Icing by Colton Parayko.
5:58 of 3rd period - Ryan Getzlaf wins face-off versus Mark Scheifele in Ducks zone.
6:18 of 3rd period - Mark Scheifele is hit by Marc-Edouard Vlasic and loses puck.
6:45 of 3rd period - Ron Hainsey is hit by Brandon Dubinsky and loses puck.
7:21 of 3rd period - Erik Johnson is hit by Ron Hainsey.
7:32 of 3rd period - Icing by Ryan Getzlaf.
7:33 of 3rd period - Claude Giroux wins face-off versus Ryan Getzlaf in Oilers zone.
7:34 of 3rd period - Shot by Patrick Marleau.
7:34 of 3rd period - Deflect By Claude Giroux.
7:34 of 3rd period - Stopped by Antti Raanta without a rebound.
7:35 of 3rd period - Nikolay Kulemin wins face-off versus Ryan Johansen in Oilers zone.
7:54 of 3rd period - Shot by Patrick Marleau.
7:54 of 3rd period - Stopped by Antti Raanta with a rebound.
8:09 of 3rd period - Shot by Patrick Marleau.
8:09 of 3rd period - Stopped by Antti Raanta without a rebound.
8:10 of 3rd period - Aleksander Barkov wins face-off versus Mark Scheifele in Oilers zone.
8:19 of 3rd period - Travis Hamonic is hit by Matthew Nieto and loses puck.
9:32 of 3rd period - Shot by Brandon Dubinsky.
9:32 of 3rd period - Stopped by Antti Raanta without a rebound.
9:33 of 3rd period - Claude Giroux wins face-off versus Ryan Johansen in Oilers zone.
9:35 of 3rd period - Patrick Marleau is hit by Francois Beauchemin and loses puck.
9:53 of 3rd period - Minor Penalty to Colton Parayko for Hooking.
9:54 of 3rd period - Brandon Dubinsky wins face-off versus Ryan Getzlaf in Ducks zone.
10:00 of 3rd period - Icing by Marc-Edouard Vlasic.
10:01 of 3rd period - Ryan Getzlaf wins face-off versus Brandon Dubinsky in Oilers zone.
10:01 of 3rd period - Ryan Getzlaf is hit by Steve Ott.
10:27 of 3rd period - Shot by Brad Marchand.
10:27 of 3rd period - Stopped by Robin Lehner without a rebound.
10:28 of 3rd period - Ryan OReilly wins face-off versus Ryan Johansen in Ducks zone.
11:36 of 3rd period - Shot by Brad Marchand.
11:36 of 3rd period - Stopped by Robin Lehner without a rebound.
11:37 of 3rd period - Ryan OReilly wins face-off versus Ryan Getzlaf in Ducks zone.
11:58 of 3rd period - Shot by Sam Bennett.
11:58 of 3rd period - Stopped by Antti Raanta without a rebound.
11:59 of 3rd period - Dominic Moore wins face-off versus Sam Bennett in Oilers zone.
12:10 of 3rd period - Shot by Matt Hunwick.
12:10 of 3rd period - Stopped by Antti Raanta without a rebound.
12:11 of 3rd period - Claude Giroux wins face-off versus Aleksander Barkov in Oilers zone.
12:14 of 3rd period - Shot by Patrick Marleau.
12:14 of 3rd period - Stopped by Antti Raanta without a rebound.
12:15 of 3rd period - Artem Anisimov wins face-off versus Claude Giroux in Oilers zone.
12:26 of 3rd period - Shot by Ryan Getzlaf.
12:26 of 3rd period - Stopped by Robin Lehner with a rebound.
12:47 of 3rd period - Shot by Brad Marchand.
12:47 of 3rd period - Shot Misses the Net.
12:49 of 3rd period - Shot by Ron Hainsey.
12:49 of 3rd period - Stopped by Robin Lehner without a rebound.
12:50 of 3rd period - Wayne Simmonds wins face-off versus Ryan Johansen in Ducks zone.
14:38 of 3rd period - Minor Penalty to Matt Hunwick for Hooking.
14:39 of 3rd period - Ryan Getzlaf wins face-off versus Brandon Dubinsky in Ducks zone.
14:44 of 3rd period - Shot by Ryan Getzlaf.
14:44 of 3rd period - Stopped by Robin Lehner without a rebound.
14:45 of 3rd period - Ryan Getzlaf wins face-off versus Brandon Dubinsky in Ducks zone.
16:54 of 3rd period - Shot by Justin Williams.
16:54 of 3rd period - Stopped by Robin Lehner without a rebound.
16:55 of 3rd period - Dominic Moore wins face-off versus Mark Scheifele in Ducks zone.
16:59 of 3rd period - Brock McGinn is hit by Nikita Zaitsev.
17:28 of 3rd period - Minor Penalty to Martin Marincin for Holding.
17:29 of 3rd period - Dominic Moore wins face-off versus Claude Giroux in Oilers zone.
18:30 of 3rd period - Icing by Mark Scheifele.
18:31 of 3rd period - Mark Scheifele wins face-off versus Aleksander Barkov in Ducks zone.
18:38 of 3rd period - Ducks, Robin Lehner is pulled from the net.
18:48 of 3rd period - Shot by Mark Scheifele.
18:48 of 3rd period - Stopped by Antti Raanta without a rebound.
18:49 of 3rd period - Dominic Moore wins face-off versus Mark Scheifele in Oilers zone.
19:10 of 3rd period - Shot by Mark Scheifele.
19:10 of 3rd period - Stopped by Antti Raanta without a rebound.
19:11 of 3rd period - Claude Giroux wins face-off versus Aleksander Barkov in Oilers zone.
19:18 of 3rd period - Shot by Sam Bennett.
19:18 of 3rd period - Shot Misses the Net.
19:38 of 3rd period - Shot by Ryan Getzlaf.
19:38 of 3rd period - Goal by Ryan Getzlaf - Oilers : 3 - Ducks : 1.
19:38 of 3rd period - Robin Lehner from Ducks was sent back in the game.
19:39 of 3rd period - Ryan Getzlaf wins face-off versus Boone Jenner in neutral zone.
19:39 of 3rd period - Artem Anisimov is hit by Brandon Dubinsky and loses puck.
Goals for this period are 1 for Oilers vs 0 for Ducks.
Shots for this period are 7 for Oilers vs 12 for Ducks.